 Dungeon Crawl Stone Soup version 0.21.1-1-g345015f (webtiles) character file.

12119 Mesmaeker13 the Nimble (level 11, 0/88 HPs)
             Began as a Demigod Wanderer on Mar 17, 2018.
             Killed from afar by erloom's ghost (2 damage)
             ... with a puff of flame
             ... on level 1 of the Lair of Beasts.
             The game lasted 00:48:37 (21368 turns).

Mesmaeker13 the Nimble (Demigod Wanderer)          Turns: 21368, Time: 00:48:38

Health: 0/88       AC: 10    Str: 17    XL:     11   Next: 32%
Magic:  24/24      EV: 25    Int: 25    God:
Gold:   729        SH:  0    Dex: 24    Spells: 11/22 levels left

rFire    + . .     SeeInvis .   A - +5 spear "Usautam" {pierce, +Rage Int+2 Dex+4}
rCold    . . .     Gourm    .   (no shield)
rNeg     . . .     Faith    .   g - +1 robe of Ajaitef {rPois MP-9 Str+3}
rPois    +         Spirit   .   B - +2 helmet
rElec    .         Reflect  .   n - +0 cloak
rCorr    .         Harm     .   b - +0 pair of gloves
MR       +....                  (no boots)
Stlth    +++.......             (no amulet)
HPRegen  0.24/turn              u - ring of protection from fire
MPRegen  0.19/turn              J - ring of magical power

@: agile, berserk cooldown, hasted and slowed, heavily drained
A: molten scales 1, high mp 1, sense surroundings 1
a: Evoke Berserk Rage


You were on level 1 of the Lair of Beasts.
You were not hungry.

You visited 2 branches of the dungeon, and saw 12 of its levels.

You collected 729 gold pieces.

Inventory:

Hand Weapons
 h - a +0 blowgun
 A - the +5 spear "Usautam" (weapon) {pierce, +Rage Int+2 Dex+4}
   (You found it on level 6 of the Dungeon)

   It inflicts extra damage upon your enemies.
   It affects your intelligence (+2).
   It affects your dexterity (+4).
   It lets you go berserk.
Missiles
 p - 56 poisoned needles
 H - 4 javelins of penetration (quivered)
Armour
 b - a +0 pair of gloves (worn)
 d - a scarf of cloud immunity
 g - the +1 robe of Ajaitef (worn) {rPois MP-9 Str+3}
   (You found it on level 9 of the Dungeon)

   It affects your strength (+3).
   It protects you from poison.
   It affects your magic capacity (-9).
 n - a +0 cloak (worn)
 v - a +0 leather armour
 B - a +2 helmet (worn)
 E - a +3 leather armour
Jewellery
 e - an uncursed ring of see invisible
 u - a ring of protection from fire (left hand)
 J - a ring of magical power (right hand)
Wands
 q - a wand of paralysis (8)
 r - a wand of iceblast (29)
Scrolls
 c - 3 scrolls of enchant armour
 j - 4 scrolls of fog
 s - 5 scrolls of amnesia
 C - 4 scrolls of enchant weapon
 G - a scroll of holy word
 N - a scroll of magic mapping
Potions
 i - a potion of agility
 k - 4 potions of brilliance
 m - a potion of magic {unknown}
 o - a potion of flight
 I - 2 potions of lignification
 K - a potion of cancellation {unknown}
 P - a potion of berserk rage {unknown}
Books
 a - a book of Flames

   Spells                             Type                      Level
   a - Flame Tongue                   Conjuration/Fire             1
   b - Throw Flame                    Conjuration/Fire             2
   c - Conjure Flame                  Conjuration/Fire             3
   d - Inner Flame                    Hexes/Fire                   3
   e - Sticky Flame                   Conjuration/Fire             4
   f - Fireball                       Conjuration/Fire             5
 y - a book of Maledictions

   Spells                             Type                      Level
   a - Corona                         Hexes                        1
   b - Ensorcelled Hibernation        Hexes/Ice                    2
   c - Confuse                        Hexes                        3
   d - Tukima's Dance                 Hexes                        3
   e - Dazzling Spray                 Conjuration/Hexes            3
 L - a book of Beasts

   Spells                             Type                      Level
   a - Summon Butterflies             Summoning                    1
   b - Call Canine Familiar           Summoning                    3
   c - Summon Ice Beast               Ice/Summoning                4
   d - Summon Mana Viper              Hexes/Summoning              5
   e - Summon Hydra                   Summoning                    7
Miscellaneous
 O - a crystal ball of energy
Comestibles
 f - 6 rations


   Skills:
 + Level 5.6(4.2) Fighting
   Level 1.7(0.5) Long Blades
 + Level 9.5(8.0) Dodging
 - Level 1.0(0.0) Stealth
   Level 1.0(0.0) Shields
 + Level 6.2(4.9) Spellcasting
 + Level 7.1(5.7) Conjurations
   Level 1.0(0.0) Necromancy
 - Level 9.0(7.5) Fire Magic


You had 11 spell levels left.
You knew the following spells:

 Your Spells              Type           Power        Failure   Level  Hunger
a - Flame Tongue          Conj/Fire      #####        1%          1    None
b - Throw Flame           Conj/Fire      #####.       1%          2    None
c - Conjure Flame         Conj/Fire      #####...     1%          3    ##.....
d - Fireball              Conj/Fire      #####.....   16%         5    #####..


Dungeon Overview and Level Annotations

Branches:
Dungeon (11/15)            Temple (0/1) D:5            Lair (1/6) D:11
    Orc (0/2) D:10

Shops:
D:10 ([

Annotations:
D:9 Erolcha
D:11 Erica, Sonja
Lair:1 erloom's ghost, journeyman DsFE


Innate Abilities, Weirdness & Mutations

You have an increased reservoir of magic. (+10% MP)
You are partially covered in molten scales. (AC +2)
You passively map a small area around you.


Message History

You feel more agile all of a sudden.
You are covered in liquid flames!
* * * LOW HITPOINT WARNING * * *
Erloom's ghost gestures at you while chanting.
The puff of flame misses you.
You barely miss erloom's ghost.
Erloom's ghost is severely damaged.
You are covered in liquid flames!
* * * LOW HITPOINT WARNING * * *
Erloom's ghost closely misses you.
You hit erloom's ghost but do no damage.
Erloom's ghost is severely damaged.
You are covered in liquid flames!
* * * LOW HITPOINT WARNING * * *
Erloom's ghost completely misses you. Erloom's ghost closely misses you.
You closely miss erloom's ghost.
Erloom's ghost is severely damaged.
Erloom's ghost casts a spell at you. The puff of flame hits you! You resist.
You die...

...............####.##.#........,
................................
...............................(
................................
.................<..............
.................=............#
..P...#.##.....#########......#
..#.......#...#........#......##
..#.......#...+.@......#........
..#.......#...#.W.............##
..#.......#...#........#......#
..+.......#...................# ,
..P.......#...#........#......# ,
..#...........#.####.###......#
...##.P.##......[...............
................................
#.##.####.####..#######.###.###


You could see erloom's ghost.

Vanquished Creatures
  A hydra (Lair:1)
  Nergalle (D:10)
  An orc knight (D:10)
  A manticore (D:11)
  2 spiny frogs
  A rime drake (Lair:1)
  Prince Ribbit (D:9)
  A hippogriff (D:11)
  A wyvern (D:9)
  5 yaks
  4 hogs (D:9)
  A human (D:9)
  A steam dragon (D:10)
  Menkaure (D:7)
  A water moccasin (D:11)
  An acid dragon (D:11)
  Duvessa (D:6)
  2 orc warriors (D:11)
  2 porcupines (Lair:1)
  2 black bears
  6 sky beasts
  An ice beast (D:9)
  2 phantoms
  7 ogres
  An eye of draining (D:8)
  7 centaurs
  2 crocodiles
  6 bullfrogs
  A big kobold (D:6)
  A gnoll sergeant (D:9)
  Dowan (D:6)
  3 scorpions
  13 killer bees
  5 wights (D:8)
  3 crimson imps
  A bullfrog zombie (D:5)
  6 centaur zombies
  2 jellies
  9 hounds
  Crazy Yiuf (D:7)
  5 orc priests
  9 orc wizards
  A bullfrog skeleton (D:6)
  Ijyb (D:4)
  3 iguanas
  8 worker ants
  3 hound zombies
  A hound skeleton (D:11)
  A howler monkey zombie (D:10)
  A worker ant zombie (D:10)
  8 gnolls
  10 adders
  A shadow imp (D:8)
  2 oozes
  2 adder skeletons
  4 worms
  A dart slug (D:2)
  5 leopard geckos
  42 orcs
  A ball python (D:2)
  5 giant cockroaches (D:1)
  8 goblins
  6 hobgoblins
  24 jackals
  17 kobolds
  11 quokkas
  10 bats
  5 frilled lizards
  2 leopard gecko skeletons
  A quokka zombie (D:7)
  13 rats
320 creatures vanquished.

Vanquished Creatures (others)
  14 fungi
  10 plants (D:11)
24 creatures vanquished.

Grand Total: 344 creatures vanquished

Notes
Turn   | Place    | Note
-------+----------+-------------------------------------------
     0 | D:1      | Mesmaeker13 the Demigod Wanderer began the quest for the Orb.
     0 | D:1      | Mesmaeker13 set off with: a book of Flames, a +0 short sword, a +0 falchion, a +0 robe, a ration
     0 | D:1      | Reached XP level 1. HP: 17/17 MP: 3/3
   441 | D:1      | Reached skill level 1 in Spellcasting
   444 | D:1      | Learned a level 1 spell: Flame Tongue
   479 | D:1      | Reached XP level 2. HP: 23/24 MP: 3/5
   987 | D:1      | Reached XP level 3. HP: 22/29 MP: 0/6
  1107 | D:1      | Reached skill level 1 in Conjurations
  1319 | D:2      | Learned a level 2 spell: Throw Flame
  2364 | D:2      | Reached XP level 4. HP: 36/36 MP: 6/8
  3674 | D:3      | Found a hazy altar of Hepliaklqana.
  3689 | D:3      | Reached XP level 5. HP: 11/41 MP: 1/9
  4484 | D:4      | Noticed an ogre
  4502 | D:4      | Killed an ogre
  4691 | D:4      | Noticed a phantom
  4769 | D:3      | Reached XP level 6. HP: 48/48 MP: 4/10
  5572 | D:4      | Noticed Ijyb
  5595 | D:4      | Killed Ijyb
  5743 | D:4      | Found an iron altar of Okawaru.
  6041 | D:5      | Entered Level 5 of the Dungeon
  6307 | D:5      | Reached XP level 7. HP: 52/53 MP: 11/11
  6346 | D:5      | Found a staircase to the Ecumenical Temple.
  6987 | D:6      | Reached skill level 5 in Fire Magic
  7213 | D:6      | Reached skill level 5 in Dodging
  7255 | D:6      | Learned a level 3 spell: Conjure Flame
  7671 | D:6      | Reached XP level 8. HP: 53/60 MP: 2/12
  7872 | D:6      | Reached skill level 5 in Conjurations
  8285 | D:6      | Got a slimy spear
  8286 | D:6      | Identified the +5 spear "Usautam" {pierce, +Rage Int+2 Dex+4} (You found it on level 6 of the Dungeon)
  8722 | D:7      | Noticed Duvessa
  8722 | D:7      | Noticed Dowan
  8722 | D:7      | Noticed Menkaure
  8837 | D:7      | Killed Menkaure
  9640 | D:7      | Found a burning altar of Makhleb.
  9640 | D:7      | Found a glowing silver altar of Zin.
  9641 | D:7      | Noticed an angel
  9641 | D:7      | Noticed an Executioner
  9870 | D:7      | Reached XP level 9. HP: 54/67 MP: 1/13
 10233 | D:7      | Found a runed door.
 10574 | D:7      | Noticed Crazy Yiuf
 10579 | D:7      | Killed Crazy Yiuf
 10701 | D:6      | Killed Dowan
 10751 | D:6      | Killed Duvessa
 11608 | D:8      | Learned a level 5 spell: Fireball
 13072 | D:9      | Noticed Prince Ribbit
 13088 | D:9      | Killed Prince Ribbit
 13192 | D:9      | Noticed Erolcha
 13484 | D:9      | Found a snail-covered altar of Cheibriados.
 13548 | D:9      | Found a hide-covered altar of Uskayaw.
 13817 | D:9      | Found a snail-covered altar of Cheibriados.
 13819 | D:9      | Found a sparkling altar of Nemelex Xobeh.
 13831 | D:9      | Found a deep blue altar of Sif Muna.
 13966 | D:9      | Reached XP level 10. HP: 35/73 MP: 1/19
 14202 | D:10     | Entered Level 10 of the Dungeon
 14614 | D:10     | Noticed Nergalle
 14630 | D:10     | Killed Nergalle
 14996 | D:10     | Found Boalleul's Armour Emporium.
 14997 | D:10     | Found a staircase to the Orcish Mines.
 14998 | D:10     | Found Gugeal's Weapon Emporium.
 14998 | D:10     | Noticed an orc knight
 15063 | D:10     | Killed an orc knight
 15327 | D:10     | Reached skill level 5 in Spellcasting
 16900 | D:11     | Noticed a manticore
 16932 | D:11     | Killed a manticore
 16970 | D:11     | Noticed Sonja
 17145 | D:11     | Noticed a purple ugly thing
 17317 | D:11     | Noticed Erica
 17575 | D:9      | Got a tattered robe
 18041 | D:9      | Reached XP level 11. HP: 57/85 MP: 23/23
 18175 | D:9      | Identified the cursed +1 robe of Ajaitef {rPois MP-9 Str+3} (You found it on level 9 of the Dungeon)
 19216 | D:11     | Gained mutation: You passively map a small area around you. [potion of mutation]
 19216 | D:11     | Gained mutation: You are partially covered in molten scales. (AC +2) [potion of mutation]
 19575 | D:11     | Found a staircase to the Lair.
 19591 | D:11     | Reached skill level 5 in Fighting
 19973 | Lair:1   | Entered Level 1 of the Lair of Beasts
 21107 | Lair:1   | Noticed a four-headed hydra
 21129 | Lair:1   | Killed a four-headed hydra
 21175 | Lair:1   | Noticed erloom's ghost (journeyman DsFE)
 21365 | Lair:1   | HP: 3/88 [burnt (4)]
 21368 | Lair:1   | Killed from afar by erloom's ghost

Skill      XL: |  1  2  3  4  5  6  7  8  9 10 11 |
---------------+----------------------------------+-----
Spellcasting   | 1 4 5 6 |  6.2
Fire Magic     | 2 3 4 5 6 8 9 |  9.0
Conjurations   | 1 2 3 4 6 7 |  7.1
Dodging        | 2 3 4 5 6 7 9 |  9.5
Fighting       | 2 4 5 |  5.6
Long Blades    | |  1.7
Stealth        | |  1.0
Shields        | |  1.0
Necromancy     | |  1.0

Action                   |  1- 3 |  4- 6 |  7- 9 | 10-12 || total
-------------------------+-------+-------+-------+-------++-------
Melee: Short sword       |    68 |    21 |       |       ||    89
       Dagger            |       |   105 |    68 |       ||   173
       Spear             |       |       |   161 |   235 ||   396
 Fire: Blowgun           |       |     5 |       |       ||     5
Throw: Javelin           |       |       |       |     1 ||     1
       Throwing net      |       |       |       |     1 ||     1
 Cast: Flame Tongue      |    47 |    94 |   330 |   192 ||   663
       Throw Flame       |       |    36 |    50 |    21 ||   107
       Conjure Flame     |       |       |       |    13 ||    13
 Abil: Evoke Berserk Rag |       |       |       |     1 ||     1
Evoke: Wand              |       |       |     6 |       ||     6
  Use: Potion            |     2 |     1 |       |    13 ||    16
       Scroll            |     4 |     8 |     6 |    12 ||    30
 Stab: Sleeping          |     3 |       |     1 |     1 ||     5
       Invisible         |     1 |       |       |       ||     1
       Paralysed         |       |       |     8 |       ||     8
       Distracted        |       |       |     1 |     1 ||     2
  Eat: Chunk             |     5 |     8 |    16 |     9 ||    38
       Ration            |       |     4 |     4 |     6 ||    14
Armor: Robe              |    16 |    19 |       |    36 ||    71
       Skin              |     1 |    12 |       |    33 ||    46
       Leather armour    |       |    11 |    76 |    51 ||   138
Dodge: Dodged            |    59 |   124 |   301 |   284 ||   768
